 Dungeon Crawl Stone Soup version 0.24.1-14-gf8d2b509d9 (webtiles) character file.

Game seed: 1054223151804832978, levelgen mode: deterministic

15 Delver the Grave Robber (level 2, -1/19 HPs)
             Began as a Human Necromancer on June 2, 2020.
             Slain by a gnoll
             ... wielding a +0 whip
              (2 damage)
             ... on level 2 of the Dungeon on June 3, 2020.
             The game lasted 00:14:06 (984 turns).

Delver the Grave Robber (Human Necromancer)          Turns: 984, Time: 00:14:06

Health: -1/19      AC:  2    Str:  8    XL:     2   Next: 65%
Magic:  4/5        EV: 12    Int: 17    God:
Gold:   51         SH:  0    Dex: 13    Spells: 3/5 levels left

rFire    . . .     SeeInvis .   k - +0 hand axe
rCold    . . .     Gourm    .   (no shield)
rNeg     . . .     Faith    .   a - +0 robe
rPois    .         Spirit   .   (no helmet)
rElec    .         Reflect  .   (no cloak)
rCorr    .         Harm     .   (no gloves)
MR       .....                  (no boots)
Stlth    ++........             (no amulet)
HPRegen  0.06/turn              f - ring of flight
MPRegen  0.09/turn              n - +2 ring of intelligence

@: no status effects
A: no striking features
a: Evoke Flight


You were on level 2 of the Dungeon.
You were not hungry.

You visited 1 branch of the dungeon, and saw 2 of its levels.

You collected 51 gold pieces.

Inventory:

Hand Weapons
 b - a +0 hunting sling
 g - a +0 dagger
 k - a +0 hand axe (weapon)
Missiles
 e - 27 stones (quivered)
Armour
 a - a +0 robe (worn)
Jewellery
 f - a ring of flight (left hand)
 n - a +2 ring of intelligence (right hand)
Scrolls
 d - a scroll of identify
 h - a scroll of remove curse
 l - a scroll of enchant weapon {unknown}
 o - a scroll of fog {unknown}
 q - a scroll of amnesia {unknown}
Potions
 i - a potion of brilliance {unknown}
 j - a potion of haste
 m - a potion of ambrosia {unknown}
 p - a potion of berserk rage {unknown}
Comestibles
 c - 3 rations


   Skills:
 * Level 0.1 Slings
 + Level 2.0 Dodging
 + Level 2.0 Stealth
 + Level 2.2 Spellcasting
 + Level 4.4 Necromancy


You had 3 spell levels left.
You knew the following spells:

 Your Spells              Type           Power        Failure   Level  Hunger
a - Pain                  Necr           ###.         3%          1    #......
b - Animate Skeleton      Necr           N/A          3%          1    #......

Your spell library contained the following spells:

 Spells                   Type           Power        Failure   Level  Hunger
 Vampiric Draining        Necr           ###.......   9%          3    ###....
 Regeneration             Chrm/Necr      #.........   22%         3    ###....
 Animate Dead             Necr           N/A          30%         4    #####..


Dungeon Overview and Level Annotations

Branches:
Dungeon (2/15)

Altars:


Message History

The gnoll writhes in agony.
The kobold throws a stone.
The stone closely misses you.
A frilled lizard comes into view.
The gnoll drinks a potion.
The gnoll seems to speed up.
Casting: Pain (safe; 3% risk of failure)
Confirm with . or Enter, or press ? or * to list all spells.
Aiming: Pain (safe; 3% risk of failure)
Press: ? - help, Shift-Dir - straight line, f/p - gnoll
Aim: a gnoll, wielding a +0 whip (moderately wounded, fast, chance to defeat MR: 82%)
The gnoll writhes in agony.
The gnoll hits you but does no damage.
k - a +0 hand axe (weapon)
The gnoll hits you with a +0 whip!
Ouch! That really hurt!
The gnoll hits you but does no damage. The gnoll hits you with a +0 whip.
* * * LOW HITPOINT WARNING * * *
The gnoll closely misses you. The gnoll hits you with a +0 whip.
You die...

#......# (...... ##.....# .......
#.....# ....g.. #.....# ...(...
#.....# ....g ###.....# #...
#.......#
####...#######.......############
.......(.gl.Kg.g@.........>......
#####.########...#####........<##
# ######.....###......
#.........##.## #......#######
#............. .........#######
##.......# #.#####.#


You could see 3 gnolls, a kobold and a frilled lizard.

Vanquished Creatures
  2 giant cockroaches (D:1)
  A hobgoblin (D:1)
  2 jackals (D:1)
  4 kobolds (D:1)
  A frilled lizard (D:1)
  2 rats (D:1)
12 creatures vanquished.

Vanquished Creatures (collateral kills)
  A dart slug (D:1)
1 creature vanquished.

Grand Total: 13 creatures vanquished

Notes
Turn   | Place    | Note
-------+----------+-------------------------------------------
     0 | D:1      | Delver the Human Necromancer began the quest for the Orb.
     0 | D:1      | Reached XP level 1. HP: 13/13 MP: 3/3
   178 | D:1      | Learned a level 1 spell: Animate Skeleton
   182 | D:1      | Reached XP level 2. HP: 19/19 MP: 3/5
   984 | D:2      | Slain by a gnoll

Levels and vault maps discovered:
D:1:      nzn_arrival_water_spiral, layout_basic
D:2:      minmay_evil_eye, layout_basic, kennysheep_generic_room_16, uniq_robin,
          uniq_terence

Action                   || total
-------------------------++-------
 Fire: Hunting sling     ||    13
Throw: Stone             ||     3
 Cast: Pain              ||    13
       Animate Skeleton  ||     3
  Use: Scroll            ||     1
Armor: Robe              ||     2
Dodge: Dodged            ||     5
